 Dungeon Crawl Stone Soup version 0.30.0-3-ga4e48a9924 (webtiles) character file.

Game seed: 5411827487631894688

2 Irreverend the Magician (level 1, -1/15 HPs)
             Began as a Djinni Fire Elementalist on May 7, 2023.
             Slain by a hobgoblin (3 damage)
             ... on level 1 of the Dungeon.
             The game lasted 00:00:24 (89 turns).

Irreverend the Magician (Djinni Fire Elementalist)    Turns: 89, Time: 00:00:24

Health: -1/15      AC:  2    Str:  7    XL:     1   Next: 44%
Gold:   8          EV: 12    Int: 16    God:
                   SH:  0    Dex: 13

rFire   + + .        (no weapon)
rCold   x . .        (no shield)
rNeg    . . .        a - +0 robe
rPois   ∞            (no helmet)
rElec   .            (no cloak)
rCorr   .            (no gloves)
SInv    .            (boots unavailable)
Will    .....        (no amulet)
Stlth   ++           (no ring)
HPRegen 0.22/turn    (no ring)
MPRegen 0.00/turn

%: infuse magic (-2 HP)
@: flying
A: sickness immunity, fire resistance 2, cold vulnerability 1, float, innate
caster, HP casting, extra vitality 1
a: no special abilities


You were on level 1 of the Dungeon.
You visited 1 branch of the dungeon, and saw 1 of its levels.

You collected 8 gold pieces.

Inventory:

Armour
 a - a +0 robe (worn)
Scrolls
 b - 3 scrolls of vulnerability {unknown}
 d - a scroll of blinking {unknown}
 e - a scroll of amnesia {unknown}
Potions
 c - a potion of might {unknown}


   Skills:
 + Level 2.3 Dodging
 + Level 1.6 Stealth
 + Level 2.4 Spellcasting


You knew the following spells:

 Your Spells              Type           Power      Damage    Failure   Level
a - Foxfire               Conj/Fire      36%        2x1d5     8%          1
b - Scorch                Fire           18%        2d6       11%         2
c - Volatile Blastmotes   Fire/Tloc      18%        2d11      22%         3
d - Inner Flame           Hex/Fire       9%         N/A       22%         3
e - Flame Wave            Conj/Fire      9%         2d6       58%         4
Your spell library was empty.

Dungeon Overview and Level Annotations

Branches:
Dungeon (1/15)

Altars:


Innate Abilities, Weirdness & Mutations

You are immune to sickness and miasma.
You are immune to poison.
Your flesh is very heat resistant. (rF++)
You are vulnerable to cold. (rC-)
You float through the air rather than walking.
You learn spells naturally, not from books.
Your magical power is your life essence.
You have superior vitality. (+4 MHP)


Message History

The hobgoblin is almost dead.
The foxfire hits the hobgoblin.
You kill the hobgoblin!
HP restored.
A hobgoblin comes into view.
Found a gluggy clear potion and a scroll labelled TIDOGU IN ITHRUVE.
Casting: Foxfire (safe; 8% risk of failure)
Confirm with . or Enter, or press ? or * to list all spells.
You conjure some foxfire!
The foxfire hits the hobgoblin.
The hobgoblin is severely wounded.
The hobgoblin shouts!
The foxfire hits the hobgoblin but does no damage.
The hobgoblin is severely wounded.
A bat comes into view.
Casting: Foxfire (safe; 8% risk of failure)
Confirm with . or Enter, or press ? or * to list all spells.
You conjure some foxfire!
The foxfire hits the hobgoblin.
The hobgoblin is almost dead.
The bat barely misses you.
The foxfire hits the bat.
The bat is moderately wounded.
The bat hits you but does no damage. x2
The bat hits you.
Casting: Foxfire (safe; 8% risk of failure)
Confirm with . or Enter, or press ? or * to list all spells.
You conjure some foxfire!
The bat hits you.
The foxfire hits the bat.
You kill the bat!
Your foxfire dissipates!
Found a stone staircase leading down.
The hobgoblin barely misses you. The hobgoblin attacks as you move away!
The hobgoblin hits you.
A quokka comes into view.
The hobgoblin attacks as you move away! The hobgoblin hits you.
Casting: Foxfire (safe; 8% risk of failure)
Confirm with . or Enter, or press ? or * to list all spells.
You conjure some foxfire!
The hobgoblin hits you.
* * * LOW HITPOINT WARNING * * *
Your foxfire dissipates!
The hobgoblin attacks as you move away! The hobgoblin hits you.
You die...

##### #... #
####.####.## ###
#..........# #.##
#.##...##.!#
.#.#####.##.......#
#........###.#.##.#
########## #.#.##.#
######### #...g@v#
..#.....# ###.####
#.#.....# #?#
........# #.#
#.#.....# #.#
#.#.....# #>#
..####### r.# ###
###


You could see a hobgoblin (ally target).

Vanquished Creatures
  A hobgoblin (D:1)
  2 bats (D:1)
3 creatures vanquished.

Vanquished Creatures (others)
  8 foxfires (D:1)
8 creatures vanquished.

Grand Total: 11 creatures vanquished

Notes
Turn   | Place    | Note
-------+----------+-------------------------------------------
     0 | D:1      | Irreverend the Djinni Fire Elementalist began the quest for
                  | the Orb.
     0 | D:1      | Irreverend set off with the following spells memorised:
                  | Foxfire, Scorch, Volatile Blastmotes, Inner Flame, Flame
                  | Wave.
     0 | D:1      | Reached XP level 1. HP: 15/15 MP: 0/0
    89 | D:1      | Slain by a hobgoblin

Illustrated notes

Levels and vault maps discovered:
D:1:      giann_bridges, layout_loops_cross

Action                     || total
---------------------------++-------
   Cast: Foxfire           ||     8
 Armour: Robe              ||     2
  Dodge: Dodged            ||     4
